Map: Jagannatha LE

Players

Vanya - Winner!

  • Race: Zerg Zerg

SKillous

  • Race: Protoss Protoss

Event: DreamHack SC2 Masters 2021 Fall

VOD

Have the link to the VOD?

Description

Time

  • Played on: Aug. 12, 2021, 11:03 a.m.
  • Length: 17:19

All games in this series

Show
View Real Time Build Order
Export as new Build Order

Vanya Zerg - Winner!

Build Orders: Hatch First 

Get SALT Encoding   

  12  0:00  Drone  
  13  0:12  Overlord  
  13  0:17  Drone  
  14  0:30  Drone x2  
  16  0:48  Hatchery  
  15  0:52  Drone  
  15  0:56  Drone  
  17  0:59  Drone  
  18  1:10  Extractor  
  17  1:15  Spawning Pool  
  17  1:17  Drone  
  17  1:20  Drone  
  18  1:27  Drone  
  19  1:38  Drone  
  20  1:49  Overlord  
  20  2:01  Queen x2  
  20  2:02  Zergling x4  
  26  2:10  Drone  
  26  2:12  Metabolic Boost, Drone  
  28  2:21  Drone  
  28  2:22  Drone  
  30  2:35  Hatchery  
  29  2:41  Drone x2  
  31  2:47  Queen  
  33  2:51  Overlord  
  33  2:54  Drone  
  34  2:58  Zergling x2  
  34  2:59  Zergling x2  
  36  3:10  Overlord  
  36  3:11  Drone x2  
  36  3:12  Drone  
  39  3:15  Drone  
  39  3:17  Drone x2  
  42  3:25  Queen  
  44  3:28  Overlord  
  44  3:30  Drone  
  45  3:37  Overlord  
  45  3:38  Queen  
  45  3:39  Drone  
  48  3:48  Drone x4  
  52  3:52  Drone  
  52  3:54  Queen  
  55  3:57  Drone x2  
  55  4:02  Zergling x4  
  59  4:03  Zergling x2  
  59  4:09  Spore Crawler  
  58  4:14  Drone x3  
  60  4:18  Overlord  
  60  4:21  Drone  
  60  4:24  Drone  
  60  4:29  Queen  
  62  4:33  Overlord  
  62  4:37  Roach Warren  
  62  4:38  Drone  
  62  4:42  Drone x3  
  63  4:51  Extractor, Drone  
  63  4:52  Extractor  
  61  5:02  Drone x2  
  61  5:04  Overlord  
  63  5:16  Roach  
  63  5:17  Roach x8  
  63  5:20  Overlord  
  81  5:23  Overlord x2  
  81  5:27  Zergling x2  
  81  5:28  Zergling x10  
  87  5:34  Lair  
  87  5:36  Zergling x6  
  87  5:40  Zergling x2  
  87  5:41  Zergling x6  
  92  5:51  Zergling x8  
  92  5:53  Ravager x2  
  92  5:55  Zergling x10  
  105  5:57  Ravager x2  
  105  6:02  Overlord  
  105  6:03  Queen  
  107  6:07  Ravager  
  107  6:09  Zergling x6  
  111  6:13  Overlord  
  108  6:18  Ravager  
  108  6:20  Zergling x8  
  108  6:24  Zergling x8  
  116  6:28  Zergling x6  
  106  6:42  Zergling x2  
  106  6:43  Zergling x6  
  103  6:49  Queen x2  
  103  6:50  Drone  
  103  6:51  Drone  
  109  6:58  Queen, Drone x2  
  109  7:00  Glial Reconstitution  
  109  7:01  Evolution Chamber  
  108  7:05  Ravager x2  
  106  7:08  Drone x2  
  106  7:11  Drone x2  
  106  7:14  Drone  
  92  7:22  Drone x4  
  96  7:24  Queen  
  97  7:30  Zergling x6  
  100  7:40  Drone x2  
  100  7:41  Zerg Missile Weapons Level 1, Hatchery  
  100  7:44  Queen x2  
  96  7:49  Zergling x6  
  103  7:57  Zergling x6  
  103  8:06  Zergling x2  
  103  8:09  Zergling x4  
  102  8:18  Drone x6  
  105  8:20  Drone x2  
  105  8:21  Queen x2  
  105  8:24  Drone x3  
  108  8:28  Drone  
  99  8:35  Extractor  
  99  8:36  Queen, Extractor  
  99  8:38  Infestation Pit  
  94  8:42  Roach x6  
  106  8:54  Queen  
  108  8:56  Extractor, Queen, Drone x4  
  108  8:57  Queen, Spire  
  108  9:02  Drone x4  
  118  9:03  Spore Crawler x2  
  118  9:05  Spore Crawler x2  
  118  9:09  Ravager x6  
  120  9:10  Overlord  
  120  9:11  Overlord  
  120  9:18  Overlord x3  
  120  9:28  Queen  
  121  9:34  Zergling x14  
  121  9:36  Overlord x2  
  126  9:44  Drone  
  126  9:45  Extractor  
  121  9:46  Extractor  
  102  10:11  Mutalisk x13  
  119  10:21  Mutalisk  
  119  10:23  Drone x8  
  122  10:30  Zerg Flyer Weapons Level 1  
  118  10:36  Mutalisk x2  
  118  10:37  Queen x2  
  118  10:41  Mutalisk  
  122  10:45  Queen  
  122  10:48  Mutalisk x2  
  122  10:49  Hatchery  
  127  10:53  Zerg Melee Weapons Level 1  
  127  10:57  Zergling x12  
  127  10:58  Zergling x6  
  136  11:08  Overlord  
  136  11:10  Mutalisk x3  
  142  11:18  Drone x3  
  145  11:25  Spire  
  145  11:26  Mutalisk x2  
  145  11:28  Drone  
  145  11:29  Drone x4  
  153  11:34  Extractor  
  153  11:35  Extractor  
  148  11:45  Mutalisk x4  
  147  11:53  Mutalisk x2  
  145  11:59  Mutalisk  
  145  12:01  Zergling x28  
  150  12:06  Hive  
  161  12:13  Overlord  
  161  12:14  Mutalisk x2  
  165  12:18  Mutalisk  
  165  12:21  Mutalisk  
  155  12:23  Zergling x10  
  155  12:27  Zerg Flyer Armor Level 1  
  159  12:40  Drone  
  159  12:41  Zerg Flyer Weapons Level 2  
  161  12:44  Drone x3  
  161  12:46  Overlord  
  161  12:47  Corruptor  
  161  12:48  Corruptor x3  
  161  12:49  Hatchery  
  170  12:52  Corruptor  
  166  13:00  Corruptor x2  
  166  13:03  Corruptor  
  168  13:07  Drone x2  
  170  13:16  Corruptor x4  
  170  13:19  Extractor  
  177  13:20  Extractor  
  176  13:33  Viper x2  
  182  13:36  Corruptor  
  182  13:38  Drone  
  182  13:39  Drone x4  
  182  13:40  Drone  
  190  13:41  Overlord  
  190  13:46  Spore Crawler x3  
  190  13:47  Spore Crawler, Drone x2  
  186  13:55  Zerg Ground Armor Level 1  
  185  14:00  Adrenal Glands  
  185  14:07  Corruptor x4  
  181  14:20  Corruptor x4  
  183  14:26  Corruptor  
  183  14:27  Corruptor  
  187  14:34  Corruptor x3  
  180  14:46  Spore Crawler, Zerg Flyer Armor Level 2, Drone x2  
  180  14:47  Spore Crawler  
  180  14:49  Corruptor  
  174  15:00  Corruptor  
  174  15:01  Corruptor x3  
  174  15:03  Drone x3  
  157  15:24  Corruptor x7  
  159  15:31  Zergling x12  
  163  15:36  Viper x2  
  169  15:55  Corruptor x5  
  179  15:58  Drone x3  
  182  16:09  Zergling x22  
  193  16:16  Drone x2  
  193  16:17  Drone  
  189  16:29  Drone, Ultralisk Cavern  
  189  16:32  Zergling x22  
Show
View Real Time Build Order
Export as new Build Order

SKillous Protoss 

Build Orders: 1 Gate Expand, Oracle Opening 

Get SALT Encoding   

  12  0:00  Probe  
  13  0:12  Probe  
  14  0:20  Pylon  
  14  0:24  Probe  
  15  0:38  Probe (Chrono Boost)  
  15  0:39  Gateway  
  16  0:44  Assimilator  
  16  0:48  Probe (Chrono Boost)  
  17  0:54  Probe  
  18  1:06  Probe  
  19  1:18  Probe  
  20  1:26  Nexus  
  20  1:38  Cybernetics Core  
  20  1:41  Probe  
  21  1:49  Assimilator  
  21  1:53  Probe  
  22  1:56  Pylon  
  22  2:05  Probe  
  23  2:12  Adept (Chrono Boost)  
  25  2:17  Probe  
  25  2:19  Stargate  
  26  2:24  Warp Gate  
  27  2:31  Probe (Chrono Boost)  
  27  2:32  Adept (Chrono Boost)  
  29  2:38  Probe (Chrono Boost)  
  30  2:47  Probe x2 (Chrono Boost)  
  31  2:52  Probe (Chrono Boost)  
  31  2:53  Probe  
  31  2:56  Adept, Void Ray (Chrono Boost)  
  39  3:06  Probe  
  39  3:09  Probe  
  41  3:15  Pylon  
  41  3:19  Probe  
  42  3:24  Probe  
  43  3:31  Gateway, Probe  
  44  3:36  Oracle, Probe (Chrono Boost)  
  48  3:48  Probe x2 (Chrono Boost)  
  50  3:55  Probe (Chrono Boost)  
  51  3:57  Probe (Chrono Boost)  
  51  4:04  Nexus  
  51  4:05  Pylon, Probe  
  51  4:09  Probe  
  53  4:15  Assimilator  
  53  4:16  Assimilator  
  53  4:17  Probe  
  53  4:22  Void Ray (Chrono Boost)  
  53  4:23  Stargate, Probe  
  53  4:29  Probe  
  56  4:33  Shield Battery  
  56  4:36  Pylon  
  56  4:38  Probe  
  57  4:44  Probe  
  58  4:46  Pylon  
  58  4:50  Probe  
  58  4:56  Probe  
  58  4:58  Robotics Facility  
  58  4:59  Void Ray  
  59  5:02  Probe  
  59  5:05  Void Ray  
  64  5:08  Probe  
  69  5:14  Probe  
  69  5:20  Probe  
  72  5:24  Forge  
  72  5:35  Shield Battery  
  71  5:36  Void Ray  
  71  5:41  Shield Battery  
  75  5:44  Shield Battery  
  75  5:47  Shield Battery  
  75  5:48  Robotics Bay  
  75  5:51  Immortal (Chrono Boost)  
  75  5:55  Pylon  
  79  5:58  Void Ray  
  83  6:10  Pylon  
  83  6:13  Photon Cannon  
  83  6:16  Photon Cannon  
  83  6:18  Void Ray (Chrono Boost)  
  83  6:24  Photon Cannon  
  87  6:28  Pylon, Adept x2  
  89  6:38  Disruptor (Chrono Boost)  
  88  6:42  Shield Battery  
  81  6:52  Photon Cannon  
  81  6:53  Pylon  
  81  6:54  Pylon  
  81  6:56  Pylon  
  81  7:04  Probe x2  
  81  7:05  Probe  
  81  7:08  Void Ray (Chrono Boost)  
  78  7:16  Void Ray (Chrono Boost), Probe  
  78  7:17  Probe  
  80  7:29  Probe (Chrono Boost)  
  84  7:30  Probe (Chrono Boost)  
  84  7:31  Gateway  
  80  7:39  Void Ray (Chrono Boost)  
  80  7:41  Probe (Chrono Boost)  
  82  7:46  Probe (Chrono Boost)  
  82  7:48  Pylon  
  86  7:52  Probe  
  86  7:59  Pylon  
  86  8:04  Void Ray  
  86  8:09  Nexus  
  90  8:14  Pylon  
  90  8:15  Probe  
  85  8:22  Probe  
  84  8:29  Assimilator, Probe  
  84  8:30  Assimilator  
  81  8:34  Probe  
  81  8:37  Void Ray  
  81  8:39  Pylon  
  81  8:41  Probe  
  83  8:46  Cybernetics Core  
  87  8:49  Probe  
  88  9:02  Photon Cannon  
  88  9:03  Photon Cannon  
  88  9:06  Void Ray (Chrono Boost)  
  92  9:27  Shield Battery  
  92  9:28  Pylon, Shield Battery, Void Ray (Chrono Boost)  
  92  9:29  Shield Battery  
  92  9:34  Shield Battery  
  95  9:43  Void Ray (Chrono Boost)  
  94  9:51  Shield Battery  
  98  9:58  Void Ray  
  97  10:02  Shield Battery  
  101  10:09  Fleet Beacon  
  101  10:13  Void Ray  
  93  10:15  Probe  
  93  10:18  Probe  
  95  10:30  Photon Cannon  
  95  10:32  Photon Cannon, Stargate  
  96  10:35  Probe  
  96  10:39  Probe  
  97  10:47  Protoss Air Weapons Level 1  
  97  10:48  Gateway  
  101  10:50  Flux Vanes, Gateway  
  101  10:54  Pylon, Zealot  
  103  11:02  Phoenix x2 (Chrono Boost)  
  100  11:08  Probe  
  100  11:09  Pylon  
  100  11:10  Pylon  
  100  11:11  Shield Battery  
  98  11:15  Probe  
  98  11:17  Phoenix (Chrono Boost)  
  101  11:18  Probe  
  101  11:20  Probe  
  105  11:29  Probe  
  105  11:30  Probe  
  105  11:31  Phoenix (Chrono Boost)  
  109  11:33  Phoenix (Chrono Boost)  
  110  11:40  Phoenix (Chrono Boost)  
  110  11:45  Phoenix (Chrono Boost)  
  107  11:47  Phoenix (Chrono Boost)  
  107  11:51  Probe  
  108  11:57  Phoenix  
  108  11:59  Anion Pulse-Crystals (Chrono Boost)  
  108  12:00  Shield Battery  
  108  12:03  Probe  
  108  12:04  Zealot  
  111  12:09  Probe x2  
  111  12:12  Assimilator  
  115  12:22  Phoenix x2 (Chrono Boost)  
  113  12:27  Phoenix (Chrono Boost)  
  113  12:28  Photon Cannon  
  115  12:34  Probe x2  
  117  12:40  Pylon  
  117  12:41  Phoenix (Chrono Boost)  
  121  12:51  Phoenix x2 (Chrono Boost)  
  121  12:53  Protoss Air Weapons Level 2 (Chrono Boost), Probe  
  120  13:08  Nexus  
  120  13:12  Pylon, Phoenix (Chrono Boost)  
  120  13:17  Phoenix (Chrono Boost)  
  124  13:21  Phoenix (Chrono Boost)  
  124  13:22  Probe x2  
  126  13:32  Phoenix (Chrono Boost)  
  126  13:34  Phoenix (Chrono Boost)  
  128  13:37  Stargate  
  128  13:39  Phoenix  
  132  13:51  Nexus, Photon Cannon  
  132  13:52  Photon Cannon  
  132  13:55  Photon Cannon  
  132  13:59  Phoenix  
  119  14:02  Phoenix (Chrono Boost)  
  128  14:26  Phoenix x2 (Chrono Boost)  
  128  14:28  Probe x3  
  128  14:30  Shield Battery  
  137  14:31  Phoenix (Chrono Boost)  
  137  14:33  Phoenix (Chrono Boost)  
  137  14:35  Assimilator  
  137  14:44  Phoenix  
  137  14:45  Probe x2  
  137  14:52  Assimilator  
  137  14:54  Photon Cannon  
  137  14:57  Photon Cannon, Probe  
  136  15:12  Void Ray x4  
  129  15:26  Stalker  
  117  15:30  Probe x2  
  117  15:35  Photon Cannon  
  117  15:44  Stalker  
  117  15:53  Void Ray (Chrono Boost)  
  125  16:04  Void Ray (Chrono Boost)  
  121  16:06  Nexus  
  123  16:12  Void Ray (Chrono Boost)  
  123  16:25  Void Ray (Chrono Boost)  
  125  16:32  Void Ray (Chrono Boost)  
  129  16:35  Void Ray (Chrono Boost)  
  122  17:03  Zealot x2  

Tags
 
Add a new tag
Caveats
  • Supply blocks, unpowered buildings, or Contaminate may cause inaccurate times.
  • Supply counts are checked every 10 seconds.